 Dungeon Crawl Stone Soup version 0.30.0-18-gc0e69614cb (webtiles) character file.

Game seed: 2604957789582095207

2780 olmar the Basher (level 9, -1/78 (82) HPs)
             Began as a Naga Fighter on May 23, 2023.
             Was an Initiate of Gozag.
             Slain by a wight
             ... wielding a +3 halberd
              (9 damage)
             ... on level 8 of the Dungeon.
             The game lasted 00:07:46 (5362 turns).

olmar the Basher (Naga Fighter)                     Turns: 5362, Time: 00:07:46

HP:   -1/78 (82)    AC: 14    Str: 23    XL:     9   Next: 70%
MP:   9/9           EV: 13    Int:  8    God:    Gozag
Gold: 328           SH:  0    Dex: 11    Spells: 8/8 levels left

rFire   + + .        a - +1 flail
rCold   + . .        E - +2 buckler
rNeg    . . .        w - +4 ring mail of Twilight {Rampage rPois rF+ Will+}
rPois   +            x - +2 helmet
rElec   +            (no cloak)
rCorr   +            (no gloves)
SInv    +            (no barding)
Will    ++...        (no amulet) Stlth
                     j - +5 ring of evasion
HPRegen 0.33/turn    (no ring)
MPRegen 0.11/turn

%: rampage
@: confused, resistant, ambrosia-drunk, gold aura, studying Throwing, lightly
drained, very slow
A: AC +3, large, see invisible, deformed body, poison resistance, slowness 2,
spit poison 1, naga tail 1
a: Spit Poison, Renounce Religion, Potion Petition, Call Merchant, Bribe Branch


You were on level 8 of the Dungeon.
You worshipped Gozag.
Gozag was aware of your devotion.
You visited 2 branches of the dungeon, and saw 9 of its levels.

You collected 1073 gold pieces.
You spent 225 gold pieces at shops.
You paid 520 gold pieces to Gozag.

Inventory:

Hand Weapons
 a - a +1 flail (weapon)
 G - a +0 whip of electrocution
Missiles
 B - 4 poisoned darts
Armour
 b - a +0 scale mail
 c - a +0 buckler
 w - the +4 ring mail of Twilight (worn) {Rampage rPois rF+ Will+}
   (You bought it in a shop on level 3 of the Dungeon)

   rF:        It protects you from fire.
   rPois:     It protects you from poison.
   Rampage:   It bestows one free step when moving towards enemies.
   Will:      It increases your willpower.
 x - a +2 helmet (worn)
 E - a +2 buckler (worn)
Jewellery
 j - a +5 ring of evasion (left hand)
 k - a ring of ice
 u - a ring of ice
 y - an amulet of faith
 F - a ring of magical power
Wands
 f - a wand of polymorph (12)
 v - a wand of flame (11) (quivered)
Scrolls
 e - 3 scrolls of teleportation
 m - a scroll of immolation
 p - 2 scrolls of enchant weapon
 q - 3 scrolls of fog
 s - a scroll of identify
Potions
 d - a potion of might
 h - 3 potions of cancellation
 i - a potion of mutation {unknown}
 l - a potion of haste {unknown}
 o - 2 potions of brilliance
 r - 4 potions of degeneration
 t - a potion of attraction {unknown}
 z - a potion of magic {unknown}
 A - a potion of heal wounds {unknown}


   Skills:
 + Level 6.2 Fighting
 + Level 9.2 Maces & Flails
 + Level 2.4 Throwing
 + Level 5.5 Armour
 - Level 0.4 Dodging
 + Level 2.1 Stealth
 + Level 4.5 Shields
 + Level 0.1 Evocations


You had 8 spell levels left.
You didn't know any spells.
Your spell library contained the following spells:

 Spells                   Type           Power      Damage    Failure   Level
 Magic Dart               Conj           0%         1d3       63%         1
 Slow                     Hex            0%         N/A       63%         1
 Searing Ray              Conj           0%         2d4       77%         2
 Sublimation of Blood     Necr           0%         N/A       77%         2
 Confusing Touch          Hex            0%         N/A       94%         3
 Vampiric Draining        Necr           0%         2d6       94%         3
 Fulminant Prism          Conj/Hex       0%         3d5       100%        4
 Petrify                  Tmut/Erth      0%         N/A       100%        4
 Irradiate                Conj/Tmut      0%         3d11      100%        5


Dungeon Overview and Level Annotations

Branches:
Dungeon (8/15)             Temple (1/1) D:5
   Lair: D:8-11

Altars:
Ashenzari
Cheibriados
Dithmenos
Elyvilon
Fedhas
Gozag
Hepliaklqana
Kikubaaqudgha
Makhleb
Nemelex Xobeh
Qazlal
Ru
Sif Muna
Trog
Uskayaw
Vehumet
Wu Jian
Xom
Zin

Shops:
D:3 :[   D:7 :

Annotations:
D:7 1 runed translucent door, Crazy Yiuf


Innate Abilities, Weirdness & Mutations

Your serpentine skin is tough. (AC +3)
You have supernaturally acute eyesight. (SInv)
Armour fits poorly on your strangely shaped body.
Your system is resistant to poisons. (rPois)
You cover ground very slowly.
You can spit poison.
You have a snake-like lower body.


Message History

The wight is heavily damaged.
You block the wight's attack. The wight barely misses you.
Unknown command.
You sock the wight!
You destroy the wight!
You block the wight's attack.
Your life force feels restored.
Unknown command.
You rampage towards the wight!
You closely miss the wight.
The wight is lightly damaged.
The wight hits you but does no damage.
Unknown command.
You hit the wight.
The wight is moderately damaged.
The wight hits you with a +3 halberd!
You feel drained.
* * * LOW HITPOINT WARNING * * *
Unknown command.
You closely miss the wight.
The wight is moderately damaged.
The wight hits you with a +3 halberd!
* * * LOW HITPOINT WARNING * * *
You feel drained.
* * * LOW HITPOINT WARNING * * *
Unknown command.
You hit the wight but do no damage.
The wight is moderately damaged.
The wight barely misses you.
Okay, then.
Okay, then.
As you read the scroll labelled PYLI YTUUWEO, it crumbles to dust.
You hear a loud clanging noise!
It was a scroll of noise.
You hear a shout! x3; You hear a croak.
Something shouts, "Admit defeat, thou tottering weevil-witted mendicant!"
You block the wight's attack.
It was a potion of ambrosia.
You are confused.
You feel invigorated. The wight hits you with a +3 halberd!
You die...
Your body crumbles into a pile of gold.

..#...#..........####............
..#...........##.# #.###.#..##..
.....#........##.# .###..... ..
##.###.........#.## #..#.....#. .
#..###............##...........
##..##.)).........#.....#....# #
##.....#..#.............
.#.....#.##......z......
.#.......##.....@..##.#
.............#..$.......
.........##.##..$.###...
.#....#...#.##.#### .
##..#.##..#..... ............#.#.
........#..##.#..
...........##....
##..#...........


You could see a wight.

Vanquished Creatures
  Pikel (D:7)
  A steam dragon (D:6)
  3 water moccasins
  2 ice beasts
  A sky beast (D:7)
  4 black bears
  An ogre (D:6)
  A centaur (D:8)
  3 lemures (D:7)
  A bullfrog (D:7)
  2 scorpions
  2 wights (D:8)
  A jelly (D:6)
  4 killer bees (D:8)
  A howler monkey (D:6)
  2 hounds
  3 orc priests
  4 iguanas
  3 orc wizards (D:6)
  11 adders
  2 white imps
  2 ufetubi (D:5)
  4 worms
  3 dart slugs
  9 orcs
  11 ball pythons
  5 endoplasms
  6 goblins
  8 hobgoblins
  5 quokkas
  3 bats (D:1)
  4 frilled lizards
  11 kobolds
  6 rats
130 creatures vanquished.

Notes
Turn   | Place    | Note
-------+----------+-------------------------------------------
     0 | D:1      | olmar the Naga Fighter began the quest for the Orb.
     0 | D:1      | Reached XP level 1. HP: 21/21 MP: 1/1
   102 | D:1      | Reached XP level 2. HP: 22/28 MP: 2/2
   247 | D:1      | Reached XP level 3. HP: 29/34 MP: 3/3
   698 | D:2      | Identified a scroll of acquirement
   698 | D:2      | Acquired 408 gold pieces
  1198 | D:3      | Found a white marble altar of Elyvilon.
  1220 | D:3      | Reached XP level 4. HP: 34/44 MP: 4/4
  1452 | D:3      | Found Ciusammo's Book Emporium.
  1477 | D:3      | Found Reoxtake's Antique Armour Shoppe.
  1493 | D:3      | Bought a spiked ring mail for 225 gold pieces
  1493 | D:3      | Identified the +4 ring mail of Twilight {Rampage rPois rF+
                  | Will+} (You bought it in a shop on level 3 of the Dungeon)
  1507 | D:3      | Found a snail-covered altar of Cheibriados.
  1763 | D:4      | Reached skill level 3 in Maces & Flails
  1763 | D:4      | Reached XP level 5. HP: 46/50 MP: 5/5
  2153 | D:4      | Found a burning altar of Makhleb.
  2172 | D:4      | Found an ancient bone altar of Kikubaaqudgha.
  2623 | D:5      | Entered Level 5 of the Dungeon
  2632 | D:5      | Noticed a water moccasin
  2650 | D:5      | Killed a water moccasin
  2651 | D:5      | Reached skill level 4 in Maces & Flails
  2651 | D:5      | Reached XP level 6. HP: 24/58 MP: 6/6
  2897 | D:5      | Noticed an ice beast
  2905 | D:5      | Killed an ice beast
  2906 | D:5      | Reached XP level 7. HP: 55/66 MP: 7/7
  2955 | D:5      | Found a staircase to the Ecumenical Temple.
  2966 | D:5      | Reached skill level 5 in Maces & Flails
  2971 | Temple   | Entered the Ecumenical Temple
  3129 | Temple   | Became a worshipper of Gozag Ym Sagoz the Greedy
  3429 | D:6      | Noticed a steam dragon
  3445 | D:6      | Killed a steam dragon
  3446 | D:6      | Reached skill level 1 in Stealth
  3577 | D:6      | Reached skill level 1 in Throwing
  3632 | D:6      | Reached skill level 5 in Fighting
  3632 | D:6      | Reached skill level 6 in Maces & Flails
  3632 | D:6      | Reached XP level 8. HP: 64/74 MP: 8/8
  3677 | D:6      | Found a hide-covered altar of Uskayaw.
  3836 | D:6      | Reached skill level 7 in Maces & Flails
  3896 | D:6      | HP: 3/74 [acid (9)]
  4558 | D:7      | Noticed Pikel
  4580 | D:7      | Killed Pikel
  4581 | D:7      | Reached skill level 8 in Maces & Flails
  4581 | D:7      | Reached XP level 9. HP: 62/82 MP: 9/9
  4649 | D:7      | Found a runed translucent door.
  4650 | D:7      | Noticed Crazy Yiuf
  4854 | D:7      | Found a stormy altar of Qazlal.
  4863 | D:7      | Reached skill level 5 in Armour
  5093 | D:7      | Found Hoxugal's Book Boutique.
  5283 | D:8      | Reached skill level 9 in Maces & Flails
  5362 | D:8      | Slain by a wight

Illustrated notes

Levels and vault maps discovered:
D:1:      lightli_arrival_chessboard, layout_rooms, minmay_heptomino_o4
D:2:      layout_loops_ring
D:3:      layout_rooms, cheibriados_altar_1, elyvilon_altar_4, serial_shops,
          shop, shop
D:4:      layout_basic, kiku_gazebo_pond_becter, marbit_many_paths,
          minmay_manual_mail
D:5:      layout_rooms, minmay_temple_entry_overgrown
D:6:      layout_basic, mainiacjoe_overflow_24_doors
D:7:      layout_loops_cross, nicolae_qazlal_beasts_of_the_sky, serial_shops,
          nicolae_book_shop_shelving, uniq_crazy_yiuf_cottage, uniq_pikel
D:8:      layout_cave_pools, enter_bailey_1
Temple:   hellmonk_temple_forest_ring

Skill      XL: |  1  2  3  4  5  6  7  8  9 |
---------------+----------------------------+-----
Shields        | 3 4 |  4.5
Fighting       | 4 5 6 |  6.2
Maces & Flails | 3 4 6 8 9 |  9.2
Armour         | 3 4 5 |  5.5
Stealth        | 1 2 |  2.1
Throwing       | 1 2 |  2.4
Dodging        | |  0.4
Evocations     | |  0.1

Action                     |  1- 3 |  4- 6 |  7- 9 || total
---------------------------+-------+-------+-------++-------
  Melee: Flail             |    91 |   174 |   248 ||   513
  Throw: Dart              |       |       |     8 ||     8
 Invoke: Potion Petition   |       |       |     1 ||     1
Ability: Spit Poison       |     4 |     4 |    13 ||    21
  Evoke: Wand              |       |       |     3 ||     3
    Use: Scroll            |     5 |     2 |     7 ||    14
         Potion            |       |     1 |     9 ||    10
 Armour: Scale mail        |    48 |    12 |       ||    60
         Ring mail         |       |    73 |   110 ||   183
  Dodge: Dodged            |    19 |   124 |   213 ||   356
  Block: Buckler           |    22 |    41 |    63 ||   126
